Map: Lost and Found LE

Players

Snute - Winner!

  • Race: Zerg Zerg
  • Spawn Location: 7:00

Denver

  • Race: Zerg Zerg
  • Spawn Location: 1:00

Event: WCS Valencia 2018

VOD

Have the link to the VOD?

Description

Time

  • Played on: July 12, 2018, 1:13 p.m.
  • Length: 14:11

All games in this series

Show
View Real Time Build Order
Export as new Build Order

Snute Zerg - Winner!

Build Orders: Pool First 

Get SALT Encoding   

  12  0:00  Drone  
  13  0:12  Overlord  
  13  0:16  Drone  
  14  0:30  Drone  
  14  0:31  Drone  
  14  0:34  Drone  
  17  0:41  Extractor  
  16  0:45  Drone  
  16  0:49  Spawning Pool  
  16  0:56  Drone  
  17  1:14  Hatchery  
  17  1:17  Drone  
  17  1:36  Zergling x4, Queen  
  21  1:43  Metabolic Boost  
  21  1:50  Overlord  
  21  1:53  Drone  
  22  2:08  Baneling Nest  
  21  2:11  Zergling x2  
  21  2:12  Zergling x2  
  23  2:22  Zergling x2  
  24  2:26  Zergling x2  
  25  2:32  Zergling x2  
  26  2:38  Zergling x2  
  26  2:43  Zergling x6  
  30  2:49  Overlord  
  30  2:53  Queen  
  32  3:03  Drone x2  
  34  3:06  Overlord  
  34  3:08  Drone  
  35  3:18  Drone  
  35  3:19  Drone  
  36  3:26  Drone  
  37  3:28  Drone x3  
  40  3:36  Overlord  
  40  3:37  Drone  
  41  3:42  Drone  
  42  3:51  Hatchery  
  42  3:53  Drone x2  
  43  3:55  Drone  
  43  3:58  Drone  
  43  4:10  Drone x4  
  43  4:11  Drone x2  
  43  4:15  Drone  
  50  4:19  Queen  
  50  4:22  Extractor  
  50  4:23  Roach Warren  
  50  4:31  Drone x3  
  50  4:34  Lair  
  50  4:36  Extractor  
  50  4:37  Evolution Chamber  
  50  4:40  Drone  
  50  4:41  Drone  
  52  4:47  Drone  
  52  4:52  Drone  
  54  5:01  Drone  
  54  5:02  Drone  
  54  5:04  Zerg Missile Weapons Level 1  
  56  5:09  Roach x4  
  56  5:13  Unknown, Roach  
  66  5:18  Overlord  
  66  5:28  Roach  
  65  5:33  Overlord x3, Glial Reconstitution  
  64  5:37  Extractor, Roach  
  64  5:38  Roach x4  
  64  5:42  Roach  
  72  5:46  Overlord  
  72  5:47  Overlord  
  72  5:49  Roach  
  74  5:50  Overlord  
  74  5:53  Roach  
  74  5:54  Roach  
  78  6:01  Roach x3  
  84  6:04  Roach  
  84  6:10  Drone  
  84  6:11  Drone x3  
  90  6:18  Drone  
  90  6:19  Drone x4  
  90  6:23  Roach  
  97  6:27  Roach x2  
  97  6:29  Ravager  
  97  6:31  Roach  
  104  6:36  Drone x4  
  104  6:38  Drone  
  104  6:39  Drone  
  110  6:42  Drone x2  
  110  6:44  Drone  
  113  6:47  Drone x2  
  113  6:50  Evolution Chamber  
  113  6:51  Unknown  
  114  6:56  Drone x2  
  114  6:58  Drone  
  114  6:59  Extractor, Drone x4  
  120  7:03  Zerg Missile Weapons Level 2  
  122  7:08  Roach  
  122  7:09  Overlord  
  122  7:10  Overlord  
  122  7:12  Overlord  
  122  7:17  Zerg Ground Armor Level 1  
  122  7:19  Overlord  
  122  7:21  Overlord  
  122  7:23  Overlord  
  122  7:28  Roach x4  
  130  7:31  Roach  
  130  7:32  Roach  
  134  7:38  Roach x3  
  134  7:40  Roach  
  134  7:41  Roach x2  
  132  7:46  Roach x3  
  118  7:53  Roach x5  
  118  7:55  Roach  
  118  7:58  Roach  
  117  8:00  Roach  
  117  8:03  Roach  
  117  8:07  Roach x2  
  119  8:15  Ravager x2  
  119  8:16  Ravager  
  119  8:17  Ravager x2  
  119  8:18  Roach x4  
  132  8:23  Roach x3  
  132  8:24  Hatchery  
  137  8:31  Roach x3  
  143  8:39  Roach x3  
  149  8:44  Roach  
  149  8:46  Roach  
  153  8:50  Roach  
  153  8:51  Queen  
  153  8:54  Queen  
  153  8:55  Roach  
  161  8:57  Roach  
  163  9:06  Roach x2  
  163  9:11  Roach  
  145  9:19  Roach  
  145  9:20  Roach x4  
  145  9:21  Queen  
  145  9:22  Extractor  
  156  9:27  Pneumatized Carapace  
  156  9:28  Hydralisk Den, Roach  
  157  9:33  Roach  
  157  9:34  Roach  
  157  9:38  Roach  
  163  9:44  Roach  
  163  9:45  Roach x2  
  164  9:47  Roach  
  164  9:49  Zerg Ground Armor Level 2  
  164  9:51  Roach  
  168  9:53  Overlord  
  168  9:54  Overlord x3  
  168  9:56  Spine Crawler  
  168  9:59  Grooved Spines  
  167  10:02  Overlord  
  167  10:05  Overlord  
  167  10:17  Roach x10  
  187  10:22  Extractor  
  187  10:24  Roach  
  187  10:25  Roach  
  190  10:29  Ravager x2  
  190  10:30  Ravager  
  190  10:31  Drone  
  190  10:33  Roach  
  190  10:34  Roach x2  
  200  10:40  Overlord  
  198  11:09  Roach x2  
  198  11:13  Roach x3  
  195  11:22  Roach x3  
  196  11:32  Roach x8  
  199  11:38  Roach x4  
  197  11:43  Roach  
  197  11:44  Roach x2  
  196  11:52  Roach x3  
  190  12:00  Hatchery, Roach  
  190  12:01  Roach x2  
  186  12:05  Lurker Den  
  186  12:07  Roach  
  177  12:21  Roach x9  
  187  12:29  Roach  
  176  12:39  Roach x3  
  176  12:41  Queen x2  
  182  12:46  Roach  
  182  12:47  Roach x7  
  194  12:58  Ravager x2  
  195  13:00  Ravager x2  
  198  13:07  Roach x2  
  196  13:16  Roach x2  
  164  13:29  Roach x11  
  164  13:35  Roach  
  164  13:36  Roach  
  164  13:40  Roach  
  172  13:41  Roach  
  172  13:43  Ravager  
Show
View Real Time Build Order
Export as new Build Order

Denver Zerg 

Build Orders: Hatch First 

Get SALT Encoding   

  12  0:00  Drone  
  13  0:13  Overlord  
  13  0:16  Drone  
  14  0:31  Drone x2  
  14  0:34  Drone  
  17  0:51  Hatchery  
  17  0:54  Drone  
  17  0:58  Drone  
  18  1:09  Extractor  
  17  1:13  Spawning Pool  
  17  1:16  Drone  
  17  1:19  Drone  
  18  1:28  Drone  
  19  1:39  Overlord  
  19  1:50  Drone  
  20  2:00  Queen  
  23  2:01  Drone  
  23  2:03  Queen  
  23  2:04  Zergling x2  
  26  2:12  Zergling x2  
  26  2:15  Drone  
  28  2:23  Spine Crawler  
  28  2:27  Spine Crawler  
  28  2:29  Baneling Nest  
  26  2:33  Drone x3  
  26  2:36  Drone  
  30  2:42  Queen  
  33  2:44  Drone  
  33  2:47  Overlord  
  35  2:54  Evolution Chamber  
  35  2:58  Roach Warren  
  33  3:02  Evolution Chamber  
  33  3:05  Drone x2  
  32  3:13  Drone x3  
  32  3:14  Drone  
  36  3:22  Lair  
  36  3:25  Drone  
  36  3:26  Drone  
  38  3:32  Extractor x2  
  36  3:35  Drone  
  36  3:38  Drone  
  36  3:39  Drone  
  39  3:42  Drone  
  39  3:46  Overlord  
  40  3:49  Drone  
  40  3:50  Drone  
  40  3:51  Drone  
  43  3:57  Zerg Ground Armor Level 1  
  43  4:07  Evolution Chamber x2  
  43  4:09  Roach x2  
  43  4:14  Roach  
  43  4:15  Roach  
  47  4:18  Overlord  
  47  4:21  Zerg Missile Weapons Level 1  
  47  4:23  Overlord  
  49  4:27  Glial Reconstitution  
  49  4:29  Overlord  
  49  4:34  Overlord  
  49  4:39  Overlord  
  49  4:40  Drone x3  
  52  4:49  Hatchery  
  52  4:51  Overseer  
  51  4:54  Roach  
  51  4:55  Roach  
  51  4:59  Roach  
  57  5:00  Roach  
  57  5:04  Roach  
  57  5:06  Drone x2  
  63  5:08  Drone  
  63  5:12  Roach  
  66  5:14  Overlord  
  66  5:23  Queen  
  66  5:24  Roach x2  
  72  5:30  Drone x2  
  73  5:38  Roach x2  
  73  5:42  Drone x2  
  78  5:43  Drone  
  78  5:45  Drone  
  81  5:50  Drone x3  
  81  5:52  Overlord  
  83  6:02  Overlord  
  83  6:05  Roach x2  
  87  6:17  Roach x5  
  97  6:18  Overlord  
  97  6:20  Zerg Missile Weapons Level 2  
  97  6:23  Overlord  
  97  6:24  Overseer  
  97  6:28  Overlord x2  
  97  6:31  Extractor  
  96  6:37  Roach  
  96  6:38  Overlord  
  98  6:40  Roach x3  
  98  6:44  Roach x2  
  108  6:48  Roach x2  
  108  6:49  Roach  
  116  6:54  Roach x2  
  116  6:55  Drone x2  
  116  6:59  Roach  
  116  7:00  Roach  
  124  7:01  Drone x2  
  124  7:08  Overlord, Ravager  
  127  7:10  Drone x2  
  127  7:14  Drone  
  130  7:16  Extractor  
  130  7:17  Overlord  
  130  7:18  Overlord x2  
  130  7:22  Pneumatized Carapace  
  129  7:29  Roach x3  
  135  7:31  Drone x3  
  136  7:39  Roach x3  
  136  7:43  Roach x2  
  128  7:49  Roach x2  
  120  7:53  Roach  
  120  7:54  Overlord  
  112  8:00  Roach  
  112  8:01  Roach x2  
  114  8:08  Roach x4  
  114  8:10  Hatchery  
  117  8:13  Roach x2  
  117  8:14  Overlord  
  121  8:20  Roach x3  
  121  8:23  Drone x5  
  129  8:28  Ravager  
  129  8:29  Drone x3  
  129  8:30  Drone  
  134  8:34  Roach  
  134  8:35  Roach  
  134  8:37  Ravager  
  134  8:40  Roach  
  141  8:43  Queen  
  141  8:46  Roach x2  
  141  8:47  Roach  
  149  8:52  Ravager x2  
  149  8:53  Roach  
  153  8:58  Roach x2  
  153  8:59  Overlord  
  147  9:10  Roach x6  
  147  9:16  Roach  
  145  9:17  Roach x2  
  145  9:21  Roach x2  
  145  9:22  Roach  
  149  9:24  Roach  
  149  9:25  Roach  
  149  9:28  Roach x2  
  157  9:34  Extractor, Roach x2  
  160  9:43  Roach x6  
  168  9:50  Roach x4  
  172  9:54  Roach x3  
  172  9:56  Overlord  
  172  9:59  Overlord  
  178  10:03  Overlord x2  
  179  10:07  Ravager x2  
  179  10:13  Roach  
  179  10:14  Roach x2  
  186  10:16  Overlord  
  186  10:17  Overseer  
  184  10:25  Roach x6  
  194  10:35  Hydralisk Den  
  193  10:45  Extractor  
  186  10:58  Roach  
  186  10:59  Roach x6  
  200  11:11  Roach x2  
  200  11:16  Ravager  
  197  11:25  Roach x3  
  200  11:31  Roach x2  
  196  11:34  Hatchery  
  196  11:38  Burrow  
  191  11:41  Hatchery, Grooved Spines  
  191  11:42  Lurker Den  
  181  11:59  Roach x14  
  199  12:06  Ravager x2  
  189  12:15  Roach  
  189  12:16  Roach x5  
  189  12:21  Roach x3  
  192  12:27  Roach  
  192  12:28  Roach x2  
  198  12:36  Roach  
  191  12:37  Roach x3  
  185  12:44  Roach x6  
  185  12:48  Ravager x2  
  187  12:52  Muscular Augments  
  187  12:54  Roach x4  
  193  13:16  Roach x8  
  189  13:25  Roach x9  
  189  13:26  Roach x15  
  172  13:33  Roach x4  
  148  13:37  Roach x2  
  146  13:42  Roach x3  
  142  13:49  Roach  
  142  13:50  Roach x3  
Tags
 
Add a new tag
Caveats
  • Supply blocks, unpowered buildings, or Contaminate may cause inaccurate times.
  • Supply counts are checked every 10 seconds.